 Dungeon Crawl Stone Soup version 0.28-a0-872-g80cf8599ee (webtiles) character file.

Game seed: 16164498741069310398

31 orbtoucher the Stinger (level 3, 22/22 HPs)
             Began as an Octopode Venom Mage on Nov 21, 2021.
             Quit the game on level 2 of the Dungeon.
             The game lasted 00:06:42 (2604 turns).

orbtoucher the Stinger (Octopode Venom Mage)        Turns: 2604, Time: 00:06:43

Health: 22/22      AC:  1    Str:  7    XL:     3   Next: 22%
Magic:  6/6        EV: 13    Int: 18    God:
Gold:   58         SH:  0    Dex: 12    Spells: 3/6 levels left

rFire   . . .      SeeInvis .   a - +0 dagger
rCold   . . .      Faith    .   (no shield)
rNeg    . . .      Spirit   .   (helmet restricted)
rPois   .          Reflect  .   (no amulet)
rElec   .          Harm     .   (no ring)
rCorr   .          Rampage  .   (no ring)
Will    .....                   (no ring)
Stlth   +++.......              (no ring)
HPRegen 0.07/turn               (no ring)
MPRegen 0.10/turn               (no ring)
                                (no ring)
                                (no ring)

@: no status effects
A: almost no armour, amphibious, 8 rings, camouflage 1, gelatinous body 1,
(nimble swimmer 1), tentacles
a: no special abilities


You were on level 2 of the Dungeon.
You visited 1 branch of the dungeon, and saw 2 of its levels.

You collected 58 gold pieces.

Inventory:

Hand Weapons
 a - a +0 dagger (weapon)
Missiles
 i - 33 stones
Scrolls
 d - 2 scrolls of identify {unknown}
 h - 2 scrolls of teleportation {unknown}
 j - a scroll of vulnerability {unknown}
Potions
 b - a potion of mutation {unknown}
 c - a potion of attraction {unknown}
 e - a potion of heal wounds {unknown}
 f - a potion of lignification {unknown}
 g - a potion of haste {unknown}


   Skills:
 + Level 0.7 Fighting
 - Level 1.0 Short Blades
 + Level 2.2 Dodging
 + Level 3.1 Stealth
 + Level 2.1 Spellcasting
 - Level 1.0 Transmutations
 * Level 4.1 Poison Magic


You had 3 spell levels left.
You knew the following spells:

 Your Spells              Type           Power      Damage    Failure   Level
a - Sting                 Tmut/Pois      44%        1d5       6%          1
v - Poisonous Vapours     Pois/Air       18%        N/A       12%         2

Your spell library contained the following spells:

 Spells                   Type           Power      Damage    Failure   Level
 Apportation              Tloc           2%         N/A       19%         1
 Mephitic Cloud           Conj/Pois/Air  6%         N/A       30%         3
 Olgreb's Toxic Radiance  Pois           17%        N/A       32%         4
 Alistair's Intoxication  Tmut/Pois      7%         N/A       86%         5


Dungeon Overview and Level Annotations

Branches:
Dungeon (2/15)

Altars:


Innate Abilities, Weirdness & Mutations

You cannot wear most types of armour.
You are amphibious.
You can wear up to eight rings at the same time.
Your skin changes colour to match your surroundings (Stealth+).
Your rubbery body absorbs attacks. (AC +1, EV +1)
((You are camouflaged near water. (Stealth+)))
You have tentacles for arms and can constrict up to eight enemies at once.


Message History

Confirm with . or Enter, or press ? or * to list all spells.
Aiming: Poisonous Vapours (safe; 12% risk of failure)
Press: ? - help, Dir - move target, f/p - hobgoblin
Aim: a hobgoblin (almost dead, very poisoned) Poisonous vapours surround the hobgoblin!
The hobgoblin looks even sicker.
You kill the hobgoblin!
Training target 1.0 for Short Blades reached!
Your Short Blades skill increases to level 1!
You start resting.
Magic restored.
j - a scroll labelled RALARGHAYPU You now have 58 gold pieces (gained 9).
You see here a hobgoblin corpse.
A goblin comes into view. It is wielding a +0 dagger.
Casting: Poisonous Vapours (safe; 12% risk of failure)
Confirm with . or Enter, or press ? or * to list all spells.
Aiming: Poisonous Vapours (safe; 12% risk of failure)
Press: ? - help, Dir - move target, f - goblin
Aim: a goblin, wielding a +0 dagger (asleep) Poisonous vapours surround the goblin!
The goblin is poisoned.
The goblin shouts!
Casting: Poisonous Vapours (safe; 12% risk of failure)
Confirm with . or Enter, or press ? or * to list all spells.
Aiming: Poisonous Vapours (safe; 12% risk of failure)
Press: ? - help, Dir - move target, f/p - goblin
Aim: a goblin, wielding a +0 dagger (heavily wounded, poisoned) Poisonous vapours surround the goblin!
The goblin looks even sicker.
A bat comes into view.
You feel a bit more experienced.
You see here a hobgoblin corpse.
You start resting.
Magic restored.
There is an open door here.
You see here a +0 dagger.
A bat and an adder come into view.
Found a stone staircase leading down.
The adder hisses angrily.
Okay, then.
Are you sure you want to abandon this character and quit the game? (Confirm with "yes".)

#### # #... .## #... ... #..#
#.### #..#.....# ..#.>...#
#.b..S... .# #@# ..# ... #.#
... ... #.# #.###.### ... #.#
##........ #.# #.# ##......###
#.# ## ##.## ##.......## ##.##
#.
##...####.........####...###.
##.......'.........'..........
#...†.####.........##.........


You could see an adder and a bat.

Vanquished Creatures
  2 endoplasms
  2 giant cockroaches (D:2)
  3 goblins
  3 hobgoblins (D:2)
  2 jackals
  2 kobolds
  2 quokkas
  5 ball pythons
  3 bats (D:2)
  A frilled lizard (D:1)
  4 rats
29 creatures vanquished.

Notes
Turn   | Place    | Note
-------+----------+-------------------------------------------
     0 | D:1      | orbtoucher the Octopode Venom Mage began the quest for the
                  | Orb.
     0 | D:1      | Reached XP level 1. HP: 11/11 MP: 3/3
   199 | D:1      | Found a faded altar of an unknown god.
   353 | D:1      | Reached XP level 2. HP: 18/18 MP: 5/5
   362 | D:1      | Learned a level 2 spell: Poisonous Vapours
  1036 | D:2      | Reached skill level 4 in Poison Magic
  1724 | D:2      | Reached XP level 3. HP: 22/22 MP: 1/6
  2478 | D:2      | Reached skill level 1 in Short Blades
  2604 | D:2      | Quit the game

Illustrated notes

Levels and vault maps discovered:
D:1:      roderic_dead_forest, layout_loops_ring, ebering_ecumenical_altar_box,
          minmay_tetromino_o2
D:2:      layout_loops_corners, wad_floor_pattern_1, st_stairs_3

Skill      XL: |  1  2  3 |
---------------+----------+-----
Stealth        | 3 |  3.1
Poison Magic   | 4 |  4.1
Short Blades   | 1 |  1.0
Fighting       | |  0.7
Dodging        | |  2.2
Spellcasting   | |  2.1
Transmutations | |  1.0

Action                   || total
-------------------------++-------
Melee: Dagger            ||    24
       Constrict         ||     5
       Tentacles         ||     5
 Cast: Sting             ||     6
       Poisonous Vapours ||    35
 Stab: Sleeping          ||     4
Armor: Skin              ||     2
Dodge: Dodged            ||    21

Table legend: (Time is in decaauts)
 A = Elapsed time spent in this place.
 B = Non-inter-level travel time spent in this place.
 C = Inter-level travel time spent in this place.
 D = Time resting spent in this place.
 E = Time spent auto-exploring this place.
 F = Levels seen in this place.
 G = Mean time per level.
                   A        B        C        D        E       F      G
               +--------+--------+--------+--------+--------+-----+--------+
         Total |   2603 |   2586 |     17 |   1004 |    994 |   2 | 1301.5 |
       Dungeon |   2603 |   2586 |     17 |   1004 |    994 |   2 | 1301.5 |
               +--------+--------+--------+--------+--------+-----+--------+

Top non-repeatable levels by time:
     D:2: 1865 daAuts
     D:1: 738 daAuts
